 Dungeon Crawl Stone Soup version 0.17-a0-1946-gfb768fe (webtiles) character file.

1057 HungrySpirit the Grappler (level 8, -5/69 (71) HPs)
             Began as a Ghoul Warper on Oct 1, 2015.
             Slain by a gnoll
             ... wielding a +0 halberd
              (9 damage)
             ... on level 6 of the Dungeon.
             The game lasted 00:07:44 (4157 turns).

HungrySpirit the Grappler (Ghoul Warper)            Turns: 4157, Time: 00:07:44

HP:   -5/69 (71)    AC: 10    Str: 17    XL:     8   Next: 26%
MP:   9/9           EV:  9    Int:  8    God:
Gold: 179           SH:  0    Dex:  8    Spells: 1 memorised, 9 levels left

rFire  . . .     SeeInvis .       - Unarmed
rCold  + . .     Clarity  .     v - +1 scale mail
rNeg   + + +     SustAt   .     (no shield)
rPois  ∞         Gourm    .     (no helmet)
rElec  .         Spirit   .     k - +2 cloak
rCorr  .         Warding  .     (no gloves)
rMut   .         Stasis   .     (no boots)
MR     .....                    (no amulet)
Stlth  ..........               (no ring)
                                (no ring)

@: rotting, not resistant to hostile enchantments, extremely unstealthy
A: rotting body, claws 1, carnivore 3, cold resistance 1, negative energy
resistance 3, slow healing 1, torment resistance, unbreathing
a: no special abilities


You were on level 6 of the Dungeon.
You were not hungry.

You visited 1 branch of the dungeon, and saw 7 of its levels.

You collected 179 gold pieces.

Inventory:

Missiles
 d - 5 tomahawks of dispersal (quivered)
Armour
 k - a +2 cloak (worn)
 v - a +1 scale mail (worn)
Jewellery
 u - an uncursed ring of teleportation
Magical devices
 w - a wand of confusion (28)
Scrolls
 h - a scroll of teleportation
 i - a scroll of remove curse
 m - 4 scrolls of identify {unknown}
 q - 2 scrolls of enchant weapon {unknown}
 x - a scroll of blinking
Potions
 a - 2 potions of haste {unknown}
 c - 3 potions of poison {unknown}
 j - a potion of cancellation {unknown}
 l - 2 potions of lignification {unknown}
 n - 3 potions of curing {unknown}
 o - 2 potions of might {unknown}
 p - 3 potions of invisibility {unknown}
 r - a potion of flight {unknown}
 s - a potion of ambrosia {unknown}
 z - a potion of degeneration {unknown}
Books
 b - a book of Spatial Translocations

   Spells                             Type                      Level
   a - Apportation                    Translocation                1
   b - Blink                          Translocation                2
   c - Shroud of Golubria             Charms/Translocation         2
   d - Portal Projectile              Translocation                3
   e - Teleport Other                 Translocation                3
   f - Passage of Golubria            Translocation                4
 f - a book of Annihilations

   Spells                             Type                      Level
   a - Poison Arrow                   Conjuration/Poison           6
   b - Chain Lightning                Conjuration/Air              8
   c - Lehudib's Crystal Spear        Conjuration/Earth            8
   d - Glaciate                       Conjuration/Ice              9
   e - Fire Storm                     Conjuration/Fire             9
Comestibles
 e - 3 meat rations
 g - 4 slices of pizza
 t - a beef jerky


   Skills:
 + Level 6.4 Fighting
 - Level 0.8 Throwing
 - Level 0.8 Armour
 - Level 1.7 Dodging
 * Level 8.6 Unarmed Combat
 - Level 1.7 Spellcasting
 - Level 2.6 Translocations


You had 9 spell levels left.
You knew the following spells:

 Your Spells              Type           Power        Failure   Level  Hunger
a - Apportation           Tloc           #.........   45%         1    ##.....


Dungeon Overview and Level Annotations

Branches:
Dungeon (7/15)
 Temple: D:4-7

Altars:
Elyvilon
Zin
The Shining One

Annotations:
D:5 Duffy's ghost, experienced OgHu


Innate Abilities, Weirdness & Mutations

Your body is rotting away.
You thrive on raw meat.
You are immune to poison.
You have sharp fingernails.
You are carnivorous and can eat meat at any time.
Your flesh is cold resistant.
You are immune to negative energy.
You heal slowly when monsters are visible.
You are immune to unholy pain and torment.
You can survive without breathing.


Message History

The throwing net hits you.
You become entangled in the net!
Found 15 gold pieces.
Found a stone staircase leading up.
A gnoll and a gnoll sergeant come into view.
You see here a throwing net.
You struggle against the net.
The gnoll shouts!
The yak gores you!
* * * LOW HITPOINT WARNING * * *
An adder and a gnoll come into view.
You tear a large gash into the net.
The yak gores you.
* * * LOW HITPOINT WARNING * * *
You rip the net and break free!
The ogre hits you with a giant club.
* * * LOW HITPOINT WARNING * * *
The yak gores you but does no damage.
Unknown command.
The gnoll hits you but does no damage.
Found a flail.
The gnoll barely misses you.
The gnoll hits you from afar with a halberd!
You die...

## #. .. ####.
.... .. ######..#
##)#
##$#.......#.....
#..<.####@.......
.......YOg...[...
.#.###SZggg....#
#...ggg...#
#.........#
#.........#
#.........#
..........#
..........


You could see a yak, an ogre, a gnoll sergeant, 6 gnolls, an adder and a centaur
skeleton.

Vanquished Creatures
  2 yaks (D:7)
  A sky beast (D:5)
  A phantom (D:4)
  An ice beast (D:7)
  3 crimson imps
  A giant frog zombie (D:5)
  2 giant frog skeletons (D:4)
  An orc priest (D:3)
  2 hounds
  2 worker ants (D:4)
  9 adders
  An ooze (D:2)
  2 worms
  4 giant geckos
  5 orcs
  12 bats
  5 giant cockroaches
  7 hobgoblins
  3 kobolds
  A quokka (D:2)
  5 giant newts
  16 goblins
  3 jackals (D:3)
  4 rats
93 creatures vanquished.

Notes
Turn   | Place    | Note
--------------------------------------------------------------
     0 | D:1      | HungrySpirit the Ghoul Warper began the quest for the Orb.
     0 | D:1      | Reached XP level 1. HP: 17/17 MP: 2/2
   399 | D:1      | Reached XP level 2. HP: 21/23 MP: 3/3
  1126 | D:2      | Reached skill level 3 in Unarmed Combat
  1159 | D:2      | Reached XP level 3. HP: 29/31 MP: 4/4
  1588 | D:1      | Reached XP level 4. HP: 25/38 MP: 5/5
  2137 | D:3      | Reached skill level 4 in Unarmed Combat
  2340 | D:3      | Reached XP level 5. HP: 46/46 MP: 6/6
  2985 | D:3      | Reached skill level 5 in Unarmed Combat
  3198 | D:4      | Reached XP level 6. HP: 51/53 MP: 7/7
  3451 | D:4      | Found a glowing golden altar of the Shining One.
  3451 | D:4      | Found a glowing silver altar of Zin.
  3451 | D:4      | Found a white marble altar of Elyvilon.
  3494 | D:4      | Noticed a phantom
  3528 | D:4      | Killed a phantom
  3528 | D:4      | Reached skill level 5 in Fighting
  3528 | D:4      | Reached skill level 6 in Unarmed Combat
  3562 | D:4      | Reached XP level 7. HP: 56/61 MP: 8/8
  3797 | D:5      | Entered Level 5 of the Dungeon
  3855 | D:5      | Reached skill level 7 in Unarmed Combat
  3918 | D:5      | Noticed Duffy's ghost (experienced OgHu)
  3931 | D:5      | You fall through a shaft for 2 floors!
  4101 | D:7      | Noticed a yak
  4101 | D:7      | Noticed a yak
  4102 | D:7      | Noticed a yak
  4103 | D:7      | Noticed a yak
  4105 | D:7      | Noticed a yak
  4108 | D:7      | Killed a yak
  4108 | D:7      | Reached skill level 8 in Unarmed Combat
  4108 | D:7      | Reached XP level 8. HP: 56/68 MP: 9/9
  4122 | D:7      | Killed a yak
  4157 | D:6      | Slain by a gnoll

Vault maps used:
D:1:      saegor_arrival_simple_e
D:2:      kennysheep_the_goblin_king
D:3:      first_bread, serial_glass, glass_columns_a, glass_columns_b,
          dk_noncrumbling_4, columned_hall_lemuel, corner_web_ring
D:4:      good_gods_mini_temple
D:5:      grunt_ministairs_14, uniq_menkaure
D:6:      grunt_temple_overflow_magic_moments, serial_shops,
          nicolae_shop_crystal
D:7:      temple_doors_b, serial_shops, nicolae_shop_statue_plus,
          grunt_qazlal_clouds

Action                   |  1- 3 |  4- 6 |  7- 9 || total
-------------------------+-------+-------+-------++-------
Melee: Unarmed           |    92 |   218 |    92 ||   402
  Use: Scroll            |     1 |     5 |       ||     6
  Eat: Chunk             |    11 |    15 |     6 ||    32
       Meat ration       |       |     1 |       ||     1
